 Dungeon Crawl Stone Soup version 0.22-a0-266-g5fdf0d7 (webtiles) character file.

59280 kuniqs the Protected (level 14, 0/135 HPs)
             Began as a Deep Dwarf Fighter on Mar 8, 2018.
             Was the Champion of Makhleb.
             Slain by an orc warrior
             ... wielding a +0 glaive
             ... led by an orc warlord
              (18 damage)
             ... on level 1 of the Orcish Mines.
             The game lasted 00:24:54 (14596 turns).

kuniqs the Protected (Deep Dwarf Fighter)          Turns: 14596, Time: 00:24:55

Health: 0/135      AC: 28    Str: 24    XL:     14   Next: 52%
Magic:  10/10      EV: 12    Int:  5    God:    Makhleb [******]
Gold:   954        SH: 13    Dex: 12    Spells: 13/13 levels left

rFire    . . .     SeeInvis .   E - +1 hand axe (elec)
rCold    . . .     Gourm    .   c - +0 shield
rNeg     + + +     Faith    .   G - +8 plate armour of Hyshusai {rN++ Regen+ rCorr Int-5}
rPois    +         Spirit   .   (no helmet)
rElec    .         Reflect  .   (no cloak)
rCorr    +         Harm     .   g - +2 pair of gloves
MR       ++...                  A - +0 pair of boots
Stlth    ..........             H - amulet of rage
HPRegen  0.00/turn              K - ring of poison resistance
MPRegen  0.12/turn              (no ring)

@: non-regenerating
A: damage resistance, heal wounds, negative energy resistance 1, sense
surroundings 2, no regeneration
a: Heal Wounds, Minor Destruction, Lesser Servant of Makhleb, Major Destruction,
Greater Servant of Makhleb, Renounce Religion, Evoke Berserk Rage


You were on level 1 of the Orcish Mines.
You worshipped Makhleb.
Makhleb was exalted by your worship.
You were not hungry.

You visited 3 branches of the dungeon, and saw 18 of its levels.
You also visited: Ice Cave.

You collected 1592 gold pieces.
You spent 638 gold pieces at shops.

Inventory:

Hand Weapons
 v - a +1 hand axe of flaming
 B - a +0 war axe of freezing
 E - a +1 hand axe of electrocution (weapon)
Armour
 c - a +0 shield (worn)
 g - a +2 pair of gloves (worn)
 A - a +0 pair of boots (worn)
 D - +0 storm dragon scales
 G - the +8 plate armour of Hyshusai (worn) {rN++ Regen+ rCorr Int-5}
   (You bought it in a shop on level 6 of the Dungeon)

   It affects your intelligence (-5).
   It greatly protects you from negative energy.
   It increases your rate of regeneration.
   It protects you from acid and corrosion.
Jewellery
 H - an amulet of rage (around neck)
 K - a ring of poison resistance (left hand)
Wands
 a - a wand of digging (19)
 i - a wand of flame (43)
 l - a wand of iceblast (5)
 t - a wand of random effects (82)
 z - a wand of scattershot (3)
 C - a wand of paralysis (28)
 I - a wand of polymorph (26)
 L - a wand of disintegration (17)
Scrolls
 b - 5 scrolls of blinking
 k - 9 scrolls of teleportation
 m - a scroll of fear
 n - 4 scrolls of amnesia
 o - 3 scrolls of enchant armour
 p - 10 scrolls of remove curse {@r2}
 q - 4 scrolls of immolation
 y - 2 scrolls of magic mapping
 F - a scroll of enchant weapon
 M - a scroll of noise {unknown}
Potions
 d - 6 potions of might
 e - 2 potions of lignification
 h - 5 potions of curing {@q1}
 j - 2 potions of mutation
 r - 3 potions of flight
 s - 3 potions of invisibility
 u - a potion of haste
 w - 2 potions of resistance
 x - 2 potions of heal wounds
Comestibles
 f - 45 rations
 J - 24 chunks of flesh


   Skills:
 + Level 11.0 Fighting
 + Level 12.5 Axes
 + Level 12.8 Armour
 + Level 12.3 Dodging
 + Level 12.7 Shields
 - Level 6.0 Invocations


You had 13 spell levels left.
You didn't know any spells.

Dungeon Overview and Level Annotations

Branches:
Dungeon (11/15)            Temple (0/1) D:4            Lair (6/6) D:10
 Shoals (0/4) Lair:2        Snake (0/4) Lair:3        Slime (0/5) Lair:5
    Orc (1/2) D:11

Altars:
Cheibriados
Fedhas
Gozag
Hepliaklqana
Makhleb
Nemelex Xobeh
Okawaru
Qazlal
Ru
Xom
Zin
Jiyva

Shops:
D:4 [   D:6 ?%*[   D:9 (

Annotations:
Lair:5 exclusion: oklob plant
Lair:6 exclusion: oklob plant


Innate Abilities, Weirdness & Mutations

You are resistant to damage.
You can heal yourself by infusing magical energy.
You resist negative energy. (rN+)
You passively map the area around you.
You do not regenerate.


Message History

Your shield and plate armour of Hyshusai prevent you from hitting the orc warlord.
You block the orc warrior's attack.
You barely miss the orc warlord. You closely miss the orc.
The orc warlord hits you with an enchanted war axe!
* * * LOW HITPOINT WARNING * * *
You block the orc's attack.
You hit the orc warlord but do no damage.
Lightning courses through the orc warlord!
You hit the orc.
The orc warrior hits you from afar with a glaive!!
* * * LOW HITPOINT WARNING * * *
The orc warlord hits you but does no damage.
Your shield and plate armour of Hyshusai prevent you from hitting the orc warlord.
You hit the orc.
You kill the orc!
Makhleb accepts your kill.
You feel better.
You barely miss the orc warlord.
The orc warrior hits you from afar with a glaive!!
You die...

#.........* * ** ,,
##.....### ....,*
##........#* ###.... *
##..........##.#.....
##....................
, #...................
, , *
#.......#.......o.# **
,, ,
##......###...))).##*
** ,
#.#......##...§@o..##
, ,
###.......#....§[...#
* , *
#...........##.......
, ##..........#
##..... * ##........##
,....., #####....## *
.... * ####.......##
..# #.#.........# #.#
####..........## *


You could see an orc warlord and an orc warrior.

Vanquished Creatures
  An orc warlord (Orc:1)
  Josephine (Lair:5)
  A fire dragon (Lair:6)
  3 hydras
  A centaur warrior (D:10)
  7 death yaks (Lair:6)
  A two-headed ogre (D:11)
  A swamp dragon (Lair:6)
  Pikel (D:4)
  2 ugly things
  2 orc sorcerers (Orc:1)
  2 wolf spiders (Lair:6)
  The ghost of nono the Transmogrifier, a novice VSTm of Cheibriados (D:8)
  A cyclops (D:11)
  14 black mambas
  A guardian serpent (Lair:6)
  Psyche (D:9)
  A torpor snail (Lair:6)
  A gargoyle (D:10)
  4 rime drakes
  12 spiny frogs
  4 komodo dragons
  A queen bee (Lair:3)
  3 trolls
  A polar bear (Lair:5)
  3 merfolk
  2 hornets (Lair:6)
  2 dream sheep (Lair:6)
  19 blink frogs
  4 hippogriffs
  A spriggan (D:10)
  6 wraiths
  A redback (Lair:6)
  6 basilisks
  A human (D:10)
  13 wyverns
  45 yaks
  3 hungry ghosts
  3 steam dragons
  Grum (D:9)
  A warg (D:11)
  2 nagas (Lair:3)
  A soldier ant (D:10)
  An acid dragon (Lair:6)
  18 water moccasins
  9 porcupines
  12 orc warriors
  3 swamp drakes (Lair:6)
  11 ice beasts
  3 phantoms
  3 sky beasts
  15 wolves
  9 ogres
  11 centaurs (D:11)
  16 crocodiles
  Blork the orc (D:6)
  A big kobold (D:8)
  8 bullfrogs
  3 scorpions
  24 killer bees (Lair:3)
  9 wights
  2 howler monkeys
  5 crimson imps
  2 bullfrog zombies
  4 hounds
  2 quasits
  A centaur zombie (D:11)
  2 jellies (D:9)
  6 orc wizards
  A bullfrog skeleton (D:6)
  5 centaur skeletons
  A gnoll shaman (D:10)
  5 orc priests
  5 iguanas
  7 worker ants
  2 hound skeletons
  A worker ant zombie (D:7)
  8 gnolls
  7 adders
  4 shadow imps
  2 adder skeletons
  2 worms
  A dart slug (D:3)
  4 leopard geckos
  40 orcs
  6 bats
  4 giant cockroaches
  7 goblins
  14 hobgoblins
  7 jackals
  9 quokkas
  A ball python (D:1)
  3 frilled lizards
  18 kobolds
  A quokka zombie (D:6)
  9 rats
  A bush (Lair:5)
  3 fungi
  9 plants
550 creatures vanquished.

Vanquished Creatures (collateral kills)
  Rupert (Lair:3)
  A water moccasin (Lair:3)
  A crocodile (Lair:3)
3 creatures vanquished.

Vanquished Creatures (others)
  An orc warrior (D:8)
  A black bear (D:8)
  A scorpion (D:8)
  A howler monkey (D:8)
  An orc wizard (D:6)
  A leopard gecko (D:8)
  13 fungi
  23 plants (Lair:6)
42 creatures vanquished.

Grand Total: 595 creatures vanquished

Notes
Turn   | Place    | Note
-------+----------+-------------------------------------------
     0 | D:1      | kuniqs the Deep Dwarf Fighter began the quest for the Orb.
     0 | D:1      | Reached XP level 1. HP: 20/20 MP: 1/1
    73 | D:1      | Reached XP level 2. HP: 27/27 MP: 2/2
   246 | D:1      | Reached skill level 1 in Dodging
   259 | D:1      | Reached XP level 3. HP: 30/33 MP: 3/3
   585 | D:2      | Found a burning altar of Makhleb.
   613 | D:2      | Became a worshipper of Makhleb the Destroyer
  1033 | D:3      | Reached XP level 4. HP: 41/42 MP: 4/4
  1264 | D:3      | Reached skill level 1 in Invocations
  1592 | D:4      | Noticed a slave
  1593 | D:4      | Noticed Pikel
  1594 | D:4      | Noticed a slave
  1623 | D:4      | Noticed a slave
  1632 | D:4      | Noticed a slave
  1664 | D:4      | Killed Pikel
  1664 | D:4      | Reached XP level 5. HP: 38/50 MP: 4/7
  1664 | D:4      | Reached XP level 6. HP: 43/57 MP: 4/8
  1664 | D:4      | Reached XP level 7. HP: 49/64 MP: 4/9
  1720 | D:4      | Reached * piety under Makhleb
  1734 | D:4      | Found a stormy altar of Qazlal.
  1857 | D:4      | Found a staircase to the Ecumenical Temple.
  1875 | D:4      | Reached skill level 5 in Shields
  1887 | D:4      | Found Oguedak's Antique Armour Shop.
  2373 | D:5      | Entered Level 5 of the Dungeon
  2381 | D:5      | Found an opulent altar of Gozag.
  2577 | D:5      | Reached skill level 5 in Armour
  3099 | D:5      | Found a blossoming altar of Fedhas.
  3310 | D:6      | Found Myennolu's Assorted Antiques.
  3457 | D:6      | Reached ** piety under Makhleb
  3457 | D:6      | Reached XP level 8. HP: 62/73 MP: 11/11
  3543 | D:6      | Found Oviuwnul's Magic Scroll Shop.
  3546 | D:6      | Bought a scroll of identify for 22 gold pieces
  3675 | D:6      | Found Loec Qape's Food Shop.
  3677 | D:6      | Noticed Blork the orc
  3694 | D:6      | Reached skill level 5 in Axes
  3694 | D:6      | Reached skill level 5 in Invocations
  3705 | D:6      | Killed Blork the orc
  3870 | D:6      | Reached skill level 5 in Fighting
  4079 | D:6      | Found Hereont's Antique Armour Shop.
  4148 | D:6      | Noticed an angel
  4149 | D:6      | Found a glowing silver altar of Zin.
  4446 | D:7      | Reached skill level 5 in Dodging
  4446 | D:7      | Gained mutation: You passively map the area around you. [Deep Dwarf growth]
  4446 | D:7      | Reached XP level 9. HP: 59/81 MP: 11/11
  4648 | D:7      | Found an iron altar of Okawaru.
  4649 | D:7      | Found a hazy altar of Hepliaklqana.
  4660 | D:7      | Found a blossoming altar of Fedhas.
  4690 | D:8      | Noticed nono's ghost (novice VSTm)
  4720 | D:8      | Killed nono's ghost
  5044 | D:8      | Found a shimmering altar of Xom.
  5122 | D:8      | Found a snail-covered altar of Cheibriados.
  5211 | D:9      | Noticed Grum
  5215 | D:9      | Reached XP level 10. HP: 83/91 MP: 9/9
  5234 | D:9      | Killed Grum
  5463 | D:9      | Noticed Psyche
  5468 | D:9      | Killed Psyche
  5474 | D:9      | Found Ezeil's Weapon Shoppe.
  5673 | D:9      | Reached *** piety under Makhleb
  5862 | D:9      | Found a sacrificial altar of Ru.
  5862 | D:9      | Found a sparkling altar of Nemelex Xobeh.
  5954 | D:10     | Entered Level 10 of the Dungeon
  6111 | D:10     | Noticed a gargoyle
  6120 | D:10     | Killed a gargoyle
  6247 | D:10     | Found a staircase to the Lair.
  6261 | D:10     | Noticed a centaur warrior
  6286 | D:10     | Killed a centaur warrior
  6286 | D:10     | Reached XP level 11. HP: 96/100 MP: 10/10
  7055 | D:11     | Noticed a red ugly thing
  7083 | D:11     | Killed a red ugly thing
  7118 | D:11     | Found a staircase to the Orcish Mines.
  7173 | D:11     | Reached **** piety under Makhleb
  7230 | D:11     | Noticed a two-headed ogre
  7237 | D:11     | Killed a two-headed ogre
  7759 | Orc:1    | Entered Level 1 of the Orcish Mines
  7804 | Orc:1    | Noticed an orc warlord
  7979 | D:6      | Bought a brightly glowing plate armour for 616 gold pieces
  7979 | D:6      | Identified the +8 plate armour of Hyshusai {rN++ Regen+ rCorr Int-5} (You bought it in a shop on level 6 of the Dungeon)
  8114 | Lair:1   | Entered Level 1 of the Lair of Beasts
  8417 | Lair:1   | Reached skill level 10 in Armour
  8426 | Lair:1   | Reached skill level 10 in Shields
  8426 | Lair:1   | Reached XP level 12. HP: 95/112 MP: 10/10
  8447 | Lair:1   | Found a frozen archway.
  8478 | IceCv    | Entered an ice cave
  8739 | Lair:1   | Reached ***** piety under Makhleb
  8739 | Lair:1   | Reached skill level 10 in Axes
  9133 | Lair:2   | Got an ancient short sword
  9134 | Lair:2   | Identified the +5 short sword of Vihuwodi {flame, rPois MR+ Int-3} (You found it on level 2 of the Lair of Beasts)
  9182 | Lair:2   | Noticed an eight-headed hydra
  9196 | Lair:2   | Killed a one-headed hydra
  9260 | Lair:2   | Reached skill level 10 in Dodging
  9592 | Lair:2   | Found a staircase to the Shoals.
 10066 | Lair:3   | Found a staircase to the Snake Pit.
 10176 | Lair:3   | Noticed Rupert
 10176 | Lair:3   | Paralysed by Rupert for 6 turns
 10212 | Lair:3   | Killed Rupert
 10892 | Lair:4   | Reached XP level 13. HP: 116/121 MP: 10/10
 12076 | Lair:5   | Noticed Josephine
 12098 | Lair:5   | Killed Josephine
 12098 | Lair:5   | Reached skill level 10 in Fighting
 12106 | Lair:5   | Found a viscous altar of Jiyva.
 12106 | Lair:5   | Found a staircase to the Slime Pits.
 12509 | Lair:6   | Entered Level 6 of the Lair of Beasts
 12824 | Lair:6   | Reached ****** piety under Makhleb
 12956 | Lair:6   | Gained mutation: You resist negative energy. (rN+) [Deep Dwarf growth]
 12956 | Lair:6   | Reached XP level 14. HP: 133/133 MP: 11/11
 13965 | Lair:6   | Found a blossoming altar of Fedhas.
 14393 | Orc:1    | Killed an orc warlord
 14561 | Orc:1    | Noticed an orc warlord
 14580 | Orc:1    | Paralysed by an orc sorcerer for 6 turns
 14596 | Orc:1    | Slain by an orc warrior

Vault maps used:
D:1:      dpeg_arrival_pits, nrook_loot_triangle
D:2:      minmay_hexomino_r4
D:4:      grunt_qazlal_clouds, minmay_temple_entry_enclosed_plants,
          first_ration, serial_shops,
          nicolae_shop_temple_entry_statues_fountains, uniq_pikel
D:5:      kennysheep_mini_moat, basic_altar
D:6:      zin_angel, serial_shops, shop, nicolae_shop_behind_doors,
          nicolae_shop_waterfront, shop, uniq_blork_the_orc
D:7:      grunt_temple_overflow_open
D:8:      xom_confusion_cloud, lemuel_doored_altar
D:9:      gammafunk_temple_overflow_elements, serial_shops, shop_statue,
          uniq_psyche, uniq_grum
D:10:     minmay_lair_entry_grove, hangedman_stone_soup
D:11:     david_orc_2
Lair:1:   portal_ice_cave_rime, zaba_anthole, grunt_megastairs_4
Lair:2:   elwin_shoals_entry_rooms, grunt_megastairs_2
Lair:3:   guppyfry_snake_entry_garden, special_room, serial_bayou_ford_a,
          uniq_rupert
Lair:5:   slime_altar_1, bh_autumn_forest_stairs, dpeg_oklob_1,
          lemuel_fruit_fields, serial_bayou_shore_a, uniq_josephine
Lair:6:   guppyfry_lair_end_dragon, hangedman_lair_tendril_chambers, tgw_fedhas
IceCv:    ice_cave_statue_garden_chambered

Skill      XL: |  1  2  3  4  5  6  7  8  9 10 11 12 13 14 |
---------------+-------------------------------------------+-----
Dodging        | 1 3 5 6 7 9 10 11 12 | 12.3
Fighting       | 3 4 5 6 7 8 9 10 11 | 11.0
Invocations    | 3 4 5 6 |  6.0
Axes           | 4 5 6 8 9 10 11 12 | 12.5
Shields        | 4 5 6 7 8 10 11 12 | 12.7
Armour         | 4 5 6 7 8 10 11 12 | 12.8

Action                   |  1- 3 |  4- 6 |  7- 9 | 10-12 | 13-15 || total
-------------------------+-------+-------+-------+-------+-------++-------
Melee: War axe           |   120 |   122 |   524 |   331 |       ||  1097
       Scimitar          |       |       |    54 |       |       ||    54
       Hand axe          |       |       |       |   583 |   824 ||  1407
Invok: Lesser Servant of |       |       |       |     6 |       ||     6
 Abil: Heal Wounds       |     1 |     1 |    20 |    16 |     4 ||    42
Evoke: Wand              |       |       |     1 |    10 |     4 ||    15
  Use: Scroll            |       |       |    14 |     8 |     2 ||    24
       Potion            |       |       |       |       |     5 ||     5
  Eat: Chunk             |     1 |     2 |     5 |    21 |    12 ||    41
       Ration            |       |       |     4 |     1 |       ||     5
Armor: Scale mail        |    41 |       |       |       |       ||    41
       Plate armour      |     8 |    63 |   386 |   202 |   382 ||  1041
       Storm dragon scal |       |       |       |   183 |       ||   183
Dodge: Dodged            |    40 |    18 |   172 |   324 |   322 ||   876
Block: Shield            |    58 |    59 |   394 |   527 |   561 ||  1599
       Rpst.: Scimitar   |       |       |     6 |       |       ||     6

Table legend:
 A = Spawn XP
 B = Non-spawn XP
 C = Spawn XP percentage of total XP
 D = Spawn monster count
 E = Non-spawn monster count
 F = Spawn count percentage of total count
 G = Total turns spent on level
                    A         B        C        D         E        F      G
               +---------+---------+-------+---------+---------+-------+---------
         Total |       0 |   84687 |   0.0 |       0 |     541 |   0.0 | 14596
               +---------+---------+-------+---------+---------+-------+---------
           D:1 |       0 |      59 |   0.0 |       0 |      35 |   0.0 |   486
           D:2 |       0 |      27 |   0.0 |       0 |      14 |   0.0 |   545
           D:3 |       0 |     102 |   0.0 |       0 |      23 |   0.0 |   447
           D:4 |       0 |     793 |   0.0 |       0 |       6 |   0.0 |   895
           D:5 |       0 |     271 |   0.0 |       0 |      12 |   0.0 |   885
           D:6 |       0 |    1291 |   0.0 |       0 |      32 |   0.0 |   982
           D:7 |       0 |     725 |   0.0 |       0 |      14 |   0.0 |   573
           D:8 |       0 |    2226 |   0.0 |       0 |      34 |   0.0 |   549
           D:9 |       0 |    3535 |   0.0 |       0 |      25 |   0.0 |   821
          D:10 |       0 |    4632 |   0.0 |       0 |      32 |   0.0 |  1141
          D:11 |       0 |    6177 |   0.0 |       0 |      44 |   0.0 |   790
        Lair:1 |       0 |    5186 |   0.0 |       0 |      25 |   0.0 |   874
        Lair:2 |       0 |    4931 |   0.0 |       0 |      15 |   0.0 |   840
        Lair:3 |       0 |    5275 |   0.0 |       0 |      38 |   0.0 |  1029
        Lair:4 |       0 |    8239 |   0.0 |       0 |      40 |   0.0 |   982
        Lair:5 |       0 |    7941 |   0.0 |       0 |      34 |   0.0 |   826
        Lair:6 |       0 |   27637 |   0.0 |       0 |      81 |   0.0 |  1557
         Orc:1 |       0 |    4306 |   0.0 |       0 |      30 |   0.0 |   296
         IceCv |       0 |    1334 |   0.0 |       0 |       7 |   0.0 |    78
               +---------+---------+-------+---------+---------+-------+---------
